 Dungeon Crawl Stone Soup version 0.29-a0-866-g0545e20025 (webtiles) character file.

Game seed: 6238930600487472566

46965 passerby the Warrior (level 14, -2/165 (167) HPs)
             Began as an Ogre Berserker on July 17, 2022.
             Was a Priest of Trog.
             Slain by an eight-headed hydra (8 damage)
             ... on level 4 of the Lair of Beasts.
             The game lasted 01:53:44 (29946 turns).

passerby the Warrior (Ogre Berserker)              Turns: 29946, Time: 01:53:44

HP:   -2/165 (167)  AC: 10    Str: 34    XL:     14   Next: 39%
MP:   14/14         EV: 26    Int:  8    God:    Trog [***...]
Gold: 1185          SH:  0    Dex:  8    Spells: 13/13 levels left

rFire   . . .      SeeInvis .   B - +3 morningstar
rCold   . . .      Faith    .   (no shield)
rNeg    . . .      Spirit   .   K - +1 steam dragon scales
rPois   +          Reflect  .   W - +2 hat {Will+}
rElec   .          Harm     .   i - +0 cloak
rCorr   .          Rampage  .   (gloves unavailable)
Will    ++...                   (boots unavailable)
Stlth   ++........              q - amulet of the acrobat
HPRegen 0.37/turn               r - +6 ring of strength
MPRegen 0.14/turn               h - ring of poison resistance

@: on berserk cooldown, acrobatic, slowed, lightly drained, very slow
A: large, unfitting armour, tough skin 1
a: Renounce Religion, Berserk, Trog's Hand


You were on level 4 of the Lair of Beasts.
You worshipped Trog.
Trog was most pleased with you.
You visited 5 branches of the dungeon, and saw 18 of its levels.
You also visited: Sewer and Volcano.

You collected 1437 gold pieces.
You spent 252 gold pieces at shops.

Inventory:

Hand Weapons
 d - a +4 hand axe
 A - a +4 battleaxe
 B - a +3 morningstar (weapon)
 P - a +2 lajatang of flaming
 X - a +2 great mace of flaming
Missiles
 a - a silver boomerang
 C - a throwing net
 E - 5 javelins
 M - 8 boomerangs (quivered)
 S - 3 boomerangs of dispersal
 Y - 4 large rocks
Armour
 i - a +0 cloak (worn)
 K - +1 steam dragon scales (worn)
 W - a +2 hat of willpower (worn)
 Z - a +1 kite shield of fire resistance
Jewellery
 c - a ring of flight
 h - a ring of poison resistance (right hand)
 q - an amulet of the acrobat (around neck)
 r - a +6 ring of strength (left hand)
Wands
 o - a wand of paralysis (20)
 y - a wand of light (18)
 L - a wand of digging (11)
 O - a wand of mindburst (13)
 U - a wand of flame (38)
Scrolls
 b - 3 scrolls of magic mapping
 k - a scroll of blinking
 m - 3 scrolls of fear
 s - 2 scrolls of poison
 t - 6 scrolls of vulnerability
 v - 3 scrolls of teleportation
 x - 2 scrolls of enchant weapon
 D - 2 scrolls of fog
 I - a scroll of enchant armour
 J - a scroll of noise {unknown}
 R - 2 scrolls of immolation
 V - a scroll of summoning
Potions
 e - 7 potions of curing
 f - 4 potions of haste
 g - a potion of might {unknown}
 j - 5 potions of mutation
 l - 3 potions of attraction {unknown}
 n - 2 potions of resistance {unknown}
 p - 2 potions of heal wounds {unknown}
 u - 2 potions of degeneration {unknown}
 w - 3 potions of invisibility
 z - 3 potions of brilliance {unknown}
 F - a potion of flight {unknown}
 G - a potion of magic {unknown}
 N - 2 potions of berserk rage {unknown}
Miscellaneous
 H - a tin of tremorstones (inert)
 Q - a condenser vane (inert)
 T - a phantom mirror (inert)


   Skills:
 * Level 17.7 Fighting
 + Level 15.9(16.7) Axes
 * Level 7.7(12.1) Maces & Flails
 * Level 4.3 Throwing
 + Level 1.0 Armour
 + Level 8.2 Dodging
 + Level 3.9 Stealth


You had 13 spell levels left.
You didn't know any spells.
Your spell library was empty.

Dungeon Overview and Level Annotations

Branches:
Dungeon (10/15)            Temple (0/1) D:7            Lair (4/6) D:9
 Spider (1/4) Lair:2          Orc (2/2) D:9             Elf (1/3) Orc:2
  Sewer (visited)         Volcano (visited)
  Swamp: Lair:2-4    Shoals: Lair:2-4

Altars:
Hepliaklqana
Trog
Wu Jian
Yredelemnul

Shops:
D:2 ?   Orc:2 ![([

Annotations:
D:7 2 transporters, generaletaddeo's ghost, novice MeCA


Innate Abilities, Weirdness & Mutations

You are too large for most types of armour.
You have tough skin. (AC +1)


Message History

Sonja closely misses you. Sonja barely misses you. Sonja closely misses you.
You crush Sonja like a grape!!!
You kill Sonja!
Trog accepts your kill.
Trog appreciates your killing of a magic user.
The seven-headed hydra bites you.
* * * LOW HITPOINT WARNING * * *
The seven-headed hydra bites you.
* * * LOW HITPOINT WARNING * * *
The seven-headed hydra bites you but does no damage.
The seven-headed hydra misses you.
The seven-headed hydra bites you but does no damage.
The seven-headed hydra misses you.
The seven-headed hydra closely misses you.
The eight-headed hydra bites you.
* * * LOW HITPOINT WARNING * * *
The eight-headed hydra bites you.
* * * LOW HITPOINT WARNING * * *
The eight-headed hydra bites you but does no damage.
The eight-headed hydra bites you.
* * * LOW HITPOINT WARNING * * *
The eight-headed hydra bites you!
* * * LOW HITPOINT WARNING * * *
The eight-headed hydra barely misses you.
The eight-headed hydra bites you!
* * * LOW HITPOINT WARNING * * *
The eight-headed hydra bites you but does no damage.
You feel a strong urge to attack something.
You see here a +1 pair of boots.
You feel your anger nearly subside.
You are no longer berserk.
You are exhausted.
You feel yourself slow down.
As you read the scroll of fear, it crumbles to dust.
You assume a fearsome visage.
The eight-headed hydra resists with some effort.
The seven-headed hydra looks frightened!
The eight-headed hydra bites you but does no damage.
The eight-headed hydra barely misses you.
The eight-headed hydra bites you!
You die...

##...........
#......P.....
#..D......... ..
#...).)...... ...
##...........
...###.._..#.....
....#..[.........
#...D.........
#...@......#..
##.........##.
#.......###
###.......#
#.#.......#
#..††###..#
##.### ..# ###
##.. ...


You could see an eight-headed hydra and a seven-headed hydra (fleeing).

Vanquished Creatures
  Jorgrun (Orc:2)
  An orc warlord (Orc:2)
  A boulder beetle (Lair:2)
  The ghost of Bozaikec the Covert, a journeyman VSEn of Vehumet (Lair:2)
  Erica (Lair:1)
  A radroach (Spider:1)
  4 two-headed ogres
  6 death yaks
  A hell hog (Volcano)
  2 orc high priests (Orc:2)
  Sonja (Lair:4)
  A pharaoh ant (Spider:1)
  An orb spider (Spider:1)
  A lindwurm (Lair:4)
  4 deep elf zephyrmancers
  2 orc knights
  3 deep elf pyromancers
  2 wolf spiders (Spider:1)
  2 orc sorcerers (Orc:2)
  A salamander (Volcano)
  A black mamba (Lair:1)
  A demonic crawler (Spider:1)
  A gargoyle (D:7)
  7 cane toads
  4 rime drakes
  3 komodo dragons
  2 polar bears (Lair:1)
  3 meliai
  2 trolls
  2 tarantellas (Spider:1)
  4 blink frogs (Lair:2)
  A hornet (D:9)
  11 jumping spiders (Spider:1)
  A wraith (D:9)
  4 culicivoras
  2 wyverns
  26 yaks
  2 fire bats (Volcano)
  A redback (Lair:2)
  2 steam dragons
  3 wargs
  11 water moccasins
  2 acid dragons
  35 orc warriors
  A swamp drake (Orc:2)
  2 ice beasts
  2 black bears
  3 ogres
  6 wolves
  3 centaurs
  A phantom (D:4)
  A kobold brigand (D:8)
  7 bullfrogs
  A gnoll sergeant (D:6)
  5 scorpions
  2 necrophages
  29 wights
  8 killer bees (Lair:4)
  A howler monkey (D:9)
  A crimson imp (Orc:2)
  3 hounds
  3 jellies
  16 orc priests
  3 gnoll boudas
  2 iguanas
  An iron imp (Orc:2)
  Ijyb (D:3)
  Terence (D:3)
  23 orc wizards
  2 hell rats (Lair:1)
  9 adders
  19 gnolls
  10 river rats
  A shadow imp (Orc:2)
  2 white imps
  3 worms
  2 dart slugs
  87 orcs
  16 endoplasms
  12 giant cockroaches
  8 goblins
  4 hobgoblins
  6 jackals
  10 quokkas
  12 ball pythons
  4 bats
  10 frilled lizards
  7 kobolds
  11 rats
529 creatures vanquished.

Vanquished Creatures (collateral kills)
  Frances (Spider:1)
1 creature vanquished.

Vanquished Creatures (others)
  An orc wizard (Orc:2)
  An orc (Orc:2)
  62 fungi
  71 plants
135 creatures vanquished.

Grand Total: 665 creatures vanquished

Notes
Turn   | Place    | Note
-------+----------+-------------------------------------------
     0 | D:1      | passerby the Ogre Berserker began the quest for the Orb.
     0 | D:1      | Reached XP level 1. HP: 24/24 MP: 1/1
   246 | D:1      | Reached XP level 2. HP: 27/32 MP: 2/2
  1440 | D:2      | Found a faded altar of an unknown god.
  1483 | D:2      | Reached XP level 3. HP: 40/40 MP: 3/3
  1514 | D:2      | Reached ** piety under Trog
  1934 | D:2      | Found a hazy altar of Hepliaklqana.
  1937 | D:2      | Reached XP level 4. HP: 49/49 MP: 4/4
  1946 | D:2      | Found Jaitaguw's Magic Scroll Shop.
  2521 | D:3      | Noticed Ijyb
  2534 | D:3      | Killed Ijyb
  2535 | D:3      | Reached XP level 5. HP: 55/55 MP: 5/5
  2825 | D:3      | Noticed Terence
  2833 | D:3      | Killed Terence
  2834 | D:3      | Reached skill level 5 in Fighting
  3587 | D:4      | Noticed an ice beast
  3602 | D:4      | Killed an ice beast
  3603 | D:4      | Reached skill level 5 in Axes
  3603 | D:4      | Reached XP level 6. HP: 11/66 MP: 6/6
  4004 | D:4      | Reached skill level 1 in Stealth
  4461 | D:4      | Reached XP level 7. HP: 74/74 MP: 7/7
  5337 | D:4      | Reached skill level 6 in Fighting
  5430 | D:5      | Entered Level 5 of the Dungeon
  5748 | D:5      | Reached XP level 8. HP: 41/80 MP: 8/8
  5752 | D:5      | Reached skill level 7 in Fighting
  6401 | D:5      | Reached skill level 8 in Fighting
  6547 | D:5      | Reached skill level 5 in Dodging
  7352 | D:6      | Reached XP level 9. HP: 97/97 MP: 9/9
  7464 | D:6      | Found a basalt altar of Yredelemnul.
  7478 | D:6      | Found a glowing drain.
  7503 | D:6      | Reached skill level 9 in Fighting
  7546 | Sewer    | Entered a sewer
  7755 | Sewer    | Reached *** piety under Trog
  8646 | D:7      | Noticed generaletaddeo's ghost (novice MeCA)
  8651 | D:7      | Noticed a moth of wrath
  8653 | D:7      | Noticed a two-headed ogre
  8704 | D:7      | Found a bloodstained altar of Trog.
  8710 | D:7      | Found a transporter.
  8760 | D:7      | Found a staircase to the Ecumenical Temple.
  8819 | D:7      | Found a transporter.
  8916 | D:7      | Reached skill level 10 in Fighting
  9195 | D:7      | Noticed a gargoyle
  9204 | D:7      | Killed a gargoyle
  9252 | D:7      | Found a flagged portal.
  9295 | D:7      | Found a bloodstained altar of Trog.
  9627 | D:8      | Reached skill level 10 in Axes
  9628 | D:8      | Reached XP level 10. HP: 111/111 MP: 10/10
  9837 | D:8      | Reached skill level 11 in Fighting
 10825 | D:9      | Reached skill level 1 in Maces & Flails
 10867 | D:9      | Reached skill level 12 in Fighting
 10987 | D:10     | Entered Level 10 of the Dungeon
 11318 | D:9      | Reached XP level 11. HP: 124/124 MP: 11/11
 11359 | D:9      | Noticed a two-headed ogre
 11387 | D:9      | Killed a two-headed ogre
 12444 | D:9      | Reached skill level 13 in Fighting
 12500 | D:9      | Found a staircase to the Lair.
 13705 | D:9      | Found a staircase to the Orcish Mines.
 13905 | Orc:1    | Entered Level 1 of the Orcish Mines
 14041 | Orc:2    | Entered Level 2 of the Orcish Mines
 14041 | Orc:2    | Noticed an orc knight
 14041 | Orc:2    | Found a staircase to the Elven Halls.
 14049 | Orc:1    | Killed an orc knight
 14951 | Orc:2    | Noticed Jorgrun
 14998 | Orc:2    | Killed Jorgrun
 14999 | Orc:2    | Reached XP level 12. HP: 109/137 MP: 12/12
 15546 | Orc:2    | Reached skill level 14 in Fighting
 16007 | Orc:2    | Reached skill level 1 in Armour
 17391 | Orc:2    | Reached skill level 5 in Maces & Flails
 17455 | Orc:2    | Found Dityzaos's Distillery.
 17576 | Orc:2    | Noticed an orc high priest
 17589 | Orc:2    | Killed an orc high priest
 18707 | Orc:2    | Noticed an orc warlord
 18727 | Orc:2    | Killed an orc warlord
 19057 | Orc:2    | Noticed an orc high priest
 19058 | Orc:2    | Found Ygrib's Antique Armour Emporium.
 19064 | Orc:2    | Killed an orc high priest
 19067 | Orc:2    | Found Itukk's Antique Weapon Shoppe.
 19267 | Orc:2    | Found Ociub's Armour Emporium.
 19388 | Orc:2    | Reached skill level 15 in Fighting
 19419 | Elf:1    | Entered Level 1 of the Elven Halls
 21084 | D:9      | Found an ornate altar of the Wu Jian Council.
 21203 | Lair:1   | Entered Level 1 of the Lair of Beasts
 21265 | Lair:1   | Reached XP level 13. HP: 132/150 MP: 13/13
 21366 | Lair:1   | Found a dark tunnel.
 21400 | Volcano  | Entered a volcano
 22197 | Lair:1   | Reached skill level 16 in Fighting
 22197 | Lair:1   | Reached skill level 15 in Axes
 22359 | Lair:1   | Reached skill level 1 in Throwing
 22420 | Lair:1   | Noticed Erica
 22453 | Lair:1   | Killed Erica
 22991 | Lair:2   | Found a hole to the Spider Nest.
 23076 | Lair:2   | Identified the +4 scale mail of Elyvilon's Displeasure
                  | {Harm rC+ Int+9 Dex-5}
 23778 | Spider:1 | Entered Level 1 of the Spider Nest
 24697 | D:2      | Bought a scroll of enchant armour for 105 gold pieces
 24697 | D:2      | Bought a scroll of enchant weapon for 105 gold pieces
 24697 | D:2      | Bought a scroll of teleportation for 42 gold pieces
 25372 | Lair:2   | Found a runed translucent door.
 25381 | Lair:2   | Noticed Bozaikec's ghost (journeyman VSEn)
 25392 | Lair:2   | Killed Bozaikec's ghost
 25885 | Lair:2   | Reached skill level 17 in Fighting
 26336 | Lair:2   | Identified the +6 falchion of Daqi Iri {freeze, rN+ Dex+3}
 26487 | Spider:1 | Reached XP level 14. HP: 87/166 MP: 14/14
 27885 | Spider:1 | Noticed Frances
 27898 | Spider:1 | Killed Frances
 29738 | Lair:4   | Found a basalt altar of Yredelemnul.
 29925 | Lair:4   | Noticed Sonja
 29940 | Lair:4   | Killed Sonja
 29940 | Lair:4   | HP: 5/244 [eight-headed hydra (8)]
 29946 | Lair:4   | Slain by an eight-headed hydra

Illustrated notes

Levels and vault maps discovered:
D:1:      sevenhm_arrival_forest_fort_small_3, layout_basic
D:2:      layout_rooms, basic_altar, chequers_ecumenical_altar_simple_redux,
          serial_shops, shop, nrook_mini_backslash, minmay_liquid_box,
          kennysheep_decorative_pillar
D:3:      layout_basic, solitary_fountain, uniq_terence, uniq_ijyb
D:4:      layout_loops_corners, grunt_ministairs_1
D:5:      layout_basic, minivault_5
D:6:      layout_loops_ring, mainiacjoe_overflow_cross_hatched,
          cheibrodos_sewer_entry_sluice, dk_rats_in_the_wall
D:7:      layout_loops_ring, mainiacjoe_overflow_alcove_2,
          minmay_temple_entry_mist, enter_bailey_5,
          gammafunk_ghost_wrathful_warriors
D:8:      layout_basic
D:9:      layout_basic, nicolae_wu_jian_glorious_leap,
          due_lair_maze_entry_diamond, david_orc_4
D:10:     layout_basic, overflow_temple_1_default, uniq_psyche, uniq_maurice,
          uniq_grum
Lair:1:   layout_regular_city, portal_ice_cave_rime,
          nicolae_volcano_entry_lava_flow, st_stairs_5,
          nicolae_lair_grove_arrangements, kennysheep_rathole, uniq_erica
Lair:2:   layout_misc_corridors, spider_nest_entry_rubble,
          ebering_ghost_reflecting_pool
Lair:3:   layout_long_grid, beast_lair_carwin_11, serial_bayou_shore_a
Lair:4:   regret_index_bee_streams, layout_misc_corridors,
          elwin_shoals_entry_stream, basic_altar, uniq_nergalle, uniq_sonja
Spider:1: nicolae_spider_jumping_over_cracks [nicolae_spider_jumping_sub_offset,
          nicolae_spider_jumping_sub_notch, nicolae_spider_jumping_sub_shuffled,
          nicolae_spider_jumping_sub_stairs], uniq_frances, uniq_roxanne
Orc:1:    layout_diamond_mine
Orc:2:    grunt_orc_community_town_hall, layout_caves,
          grunt_orc_community_big_house_2, grunt_orc_community_big_house_2,
          grunt_orc_community_house_1, grunt_orc_community_house_3,
          grunt_orc_community_house_1, grunt_orc_community_house_2,
          grunt_orc_community_house_3, hangedman_minor_magic, uniq_jorgrun
Elf:1:    elf_arrival_002, layout_onion_city, serial_shops, shop,
          minmay_elf_sorcery, st_stairs_1, nicolae_elf_free_trip_to_the_abyss

Skill      XL: |  1  2  3  4  5  6  7  8  9 10 11 12 13 14 |
---------------+-------------------------------------------+-----
Dodging        | 3 4 5 6 7 8 |  8.2
Axes           | 4 5 6 8 10 12 13 14 15 | 15.9
Fighting       | 5 6 8 10 12 13 15 17 | 17.7
Stealth        | 1 2 3 |  3.9
Maces & Flails | 1 4 5 7 |  7.7
Armour         | 1 |  1.0
Throwing       | 3 4 |  4.3

Action                   |  1- 3 |  4- 6 |  7- 9 | 10-12 | 13-15 || total
-------------------------+-------+-------+-------+-------+-------++-------
Melee: Hand axe          |   114 |   138 |    63 |       |       ||   315
       Punch             |       |     2 |       |       |     1 ||     3
       Battleaxe         |       |       |   169 |   433 |   260 ||   862
       Morningstar       |       |       |     1 |   104 |    53 ||   158
       Giant club        |       |       |       |       |     7 ||     7
Throw: Boomerang         |       |       |       |       |    12 ||    12
       Large rock        |       |       |       |       |     7 ||     7
       Javelin           |       |       |       |       |     1 ||     1
       Throwing net      |       |       |       |       |     1 ||     1
Invok: Berserk           |     1 |     4 |    12 |    30 |    20 ||    67
       Trog's Hand       |       |     1 |    11 |    18 |    13 ||    43
Evoke: Condenser vane    |       |       |       |     1 |     1 ||     2
       Tin of tremorston |       |       |       |       |     2 ||     2
       Phantom mirror    |       |       |       |       |     1 ||     1
  Use: Scroll            |       |       |     7 |     5 |    12 ||    24
       Potion            |       |       |       |     1 |       ||     1
 Stab: Sleeping          |       |       |     3 |     1 |     2 ||     6
       Confused          |       |       |       |     3 |       ||     3
       Distracted        |       |       |       |     1 |       ||     1
Armor: Skin              |     5 |       |       |       |       ||     5
       Robe              |    36 |    39 |    51 |       |       ||   126
       Steam dragon scal |       |       |     2 |   125 |   144 ||   271
       Troll leather arm |       |       |       |     6 |       ||     6
Dodge: Dodged            |    69 |    61 |   156 |   365 |   307 ||   958

Table legend: (Time is in decaauts)
 A = Elapsed time spent in this place.
 B = Non-inter-level travel time spent in this place.
 C = Inter-level travel time spent in this place.
 D = Time resting spent in this place.
 E = Time spent auto-exploring this place.
 F = Levels seen in this place.
 G = Mean time per level.
                   A        B        C        D        E       F      G
               +--------+--------+--------+--------+--------+-----+--------+
         Total |  30893 |  29751 |   1142 |  13200 |   8837 |  20 | 1544.7 |
       Dungeon |  14395 |  13526 |    869 |   4511 |   6394 |  10 | 1439.5 |
          Lair |   6865 |   6706 |    159 |   3483 |   1251 |   4 | 1716.2 |
   Spider Nest |   1075 |   1074 |      1 |    663 |      0 |   1 | 1075.0 |
  Orcish Mines |   7050 |   6937 |    113 |   4264 |    858 |   2 | 3525.0 |
   Elven Halls |     87 |     87 |      0 |      0 |      0 |   1 |   87.0 |
         Sewer |    851 |    851 |      0 |      0 |    265 |   1 |  851.0 |
       Volcano |    567 |    567 |      0 |    277 |     67 |   1 |  567.0 |
               +--------+--------+--------+--------+--------+-----+--------+

Top non-repeatable levels by time:
   Orc:2: 5455 daAuts
  Lair:2: 4071 daAuts
     D:9: 2648 daAuts
     D:4: 1764 daAuts
   Orc:1: 1595 daAuts
     D:5: 1469 daAuts
     D:1: 1397 daAuts
     D:3: 1320 daAuts
  Lair:3: 1251 daAuts
     D:6: 1221 daAuts
     D:8: 1216 daAuts
  Lair:1: 1214 daAuts
     D:2: 1207 daAuts
     D:7: 1131 daAuts
Spider:1: 1075 daAuts
